 Dungeon Crawl Stone Soup version 0.28.0-53-g5a82cb258f (webtiles) character file.

Game seed: 5210510715778941173

170 Peloso the Covered (level 5, -5/47 HPs)
             Began as a Minotaur Fighter on July 22, 2022.
             Slain by an iguana (11 damage)
             ... on level 3 of the Dungeon.
             The game lasted 00:05:22 (2579 turns).

Peloso the Covered (Minotaur Fighter)               Turns: 2579, Time: 00:05:22

Health: -5/47      AC:  7    Str: 20    XL:     5   Next: 26%
Magic:  4/4        EV:  9    Int:  5    God:
Gold:   79         SH:  5    Dex: 12    Spells: 4/4 levels left

rFire   . . .      SeeInvis .   a - +0 long sword
rCold   . . .      Faith    .   c - +0 buckler
rNeg    . . .      Spirit   .   b - +0 scale mail
rPois   .          Reflect  .   (helmet restricted)
rElec   .          Harm     .   (no cloak)
rCorr   .          Rampage  .   (no gloves)
Will    .....                   (no boots)
Stlth   ..........              (no amulet)
HPRegen 0.15/turn               (no ring)
MPRegen 0.09/turn               (no ring)

@: no status effects
A: horns 2, retaliatory headbutt
a: no special abilities


You were on level 3 of the Dungeon.
You visited 1 branch of the dungeon, and saw 3 of its levels.

You collected 79 gold pieces.

Inventory:

Hand Weapons
 a - a +0 long sword (weapon)
Missiles
 l - 2 throwing nets (quivered)
Armour
 b - a +0 scale mail (worn)
 c - a +0 buckler (worn)
Jewellery
 q - an amulet of magic regeneration
Scrolls
 e - 4 scrolls of identify {unknown}
 f - 2 scrolls of enchant armour {unknown}
 j - a scroll of magic mapping {unknown}
 p - a scroll of enchant weapon {unknown}
Potions
 d - a potion of might
 g - 2 potions of cancellation {unknown}
 h - a potion of lignification {unknown}
 i - a potion of magic {unknown}
 k - a potion of attraction {unknown}
 m - a potion of degeneration {unknown}
 n - 2 potions of brilliance {unknown}
 o - a potion of haste {unknown}


   Skills:
 + Level 4.3 Fighting
 + Level 4.4 Long Blades
 + Level 4.8 Armour
 + Level 0.9 Dodging
 + Level 0.1 Stealth
 + Level 4.4 Shields


You had 4 spell levels left.
You didn't know any spells.
Your spell library contained the following spells:

 Spells                   Type           Power      Damage    Failure   Level
 Animate Skeleton         Necr           0%         N/A       88%         1
 Apportation              Tloc           0%         N/A       88%         1
 Summon Small Mammal      Summ           0%         N/A       88%         1


Dungeon Overview and Level Annotations

Branches:
Dungeon (3/15)

Altars:
Gozag

Shops:
D:3 !*(=[


Innate Abilities, Weirdness & Mutations

You have a pair of horns on your head.
You reflexively headbutt those who attack you in melee.


Message History

You open the door.
There is an open door here.
There is an entrance to Tups's Jewellery Emporium here.
There is an open door here.
An orc comes into view. It is wielding a +0 dagger.
The orc shouts!
An orc is nearby!
Found Ahel's Distillery.
You closely miss the orc. The orc hits you but does no damage.
You slash the orc!
You kill the orc!
Things that are here:
a +0 dagger; an orc corpse An iguana comes into view.
The iguana hisses angrily.
You block the iguana's attack.
There is an entrance to Ahel's Distillery here.
You hit the iguana but do no damage. Your headbutt misses the iguana.
The iguana bites you!
You closely miss the iguana. You block the iguana's attack.
The iguana bites you.
You hit the iguana.
The iguana is moderately wounded.
The iguana bites you!
You closely miss the iguana.
The iguana is moderately wounded.
The iguana bites you!
You hit the iguana but do no damage. You headbutt the iguana.
The iguana is heavily wounded.
The iguana bites you!
* * * LOW HITPOINT WARNING * * *
You hit the iguana but do no damage.
The iguana is heavily wounded.
The iguana barely misses you. You furiously retaliate!
You headbutt the iguana. You closely miss the iguana.
The iguana is heavily wounded.
The iguana bites you.
* * * LOW HITPOINT WARNING * * *
The iguana bites you!
You die...

######### # ##...#...## #
####.........## # ###
#.............# #
#...###.#...........# #
#.#...l@............# ########
#.##..#.#..........# .......#
#.### #..#........##
######.###.# ##.##.##)#### #
#.....# ..........####### #
#####.# ###..............# #
#.###########.......##.# #
#######g.†..)######.#.###.....
####....##..###..†.....#.#
#####.


You could see an iguana.

Vanquished Creatures
  3 adders
  7 gnolls (D:3)
  2 dart slugs (D:2)
  2 orcs (D:3)
  6 ball pythons
  2 bats (D:1)
  8 endoplasms
  A giant cockroach (D:2)
  3 goblins
  7 hobgoblins
  2 jackals (D:1)
  9 kobolds
  2 quokkas (D:1)
  5 frilled lizards
  14 rats
73 creatures vanquished.

Notes
Turn   | Place    | Note
-------+----------+-------------------------------------------
     0 | D:1      | Peloso the Minotaur Fighter began the quest for the Orb.
     0 | D:1      | Reached XP level 1. HP: 19/19 MP: 0/0
   246 | D:1      | Reached XP level 2. HP: 25/27 MP: 1/1
   446 | D:1      | Found a faded altar of an unknown god.
   558 | D:1      | Reached XP level 3. HP: 33/33 MP: 2/2
  1217 | D:2      | Reached XP level 4. HP: 38/40 MP: 3/3
  1971 | D:3      | Reached XP level 5. HP: 47/47 MP: 4/4
  2056 | D:3      | Found Tups's Jewellery Emporium.
  2115 | D:3      | Found Dudin's Antique Armour Shoppe.
  2152 | D:3      | Found Yboim's Antique Weapon Emporium.
  2172 | D:3      | Found Isecum's General Store.
  2191 | D:3      | Found an opulent altar of Gozag.
  2559 | D:3      | Found Ahel's Distillery.
  2579 | D:3      | Slain by an iguana

Illustrated notes

Levels and vault maps discovered:
D:1:      giann_horns, layout_loops_ring, ebering_ecumenical_altar_ruins,
          minmay_rat_gold_closets
D:2:      layout_rooms
D:3:      layout_rooms, mainiacjoe_overflow_six_doors_small,
          overflow_temple_1_default, serial_shops, nicolae_shop_crystal,
          nicolae_shop_behind_doors, shop, nicolae_shop_window_shopping,
          nicolae_shop_waterfront

Skill      XL: |  1  2  3  4 |
---------------+-------------+-----
Fighting       | 4 |  4.3
Armour         | 4 |  4.8
Shields        | 4 |  4.4
Long Blades    | 3 4 |  4.4
Dodging        | |  0.9
Stealth        | |  0.1

Action                   |  1- 3 |  4- 6 || total
-------------------------+-------+-------++-------
Melee: Long sword        |    98 |    67 ||   165
       Headbutt          |     6 |     6 ||    12
  Use: Scroll            |     1 |       ||     1
Armor: Scale mail        |    47 |    25 ||    72
Dodge: Dodged            |    45 |    46 ||    91
Block: Buckler           |    20 |    14 ||    34
